| TOP OF THE 1ST |
|
Binghamton Mets batting - Pitching for Hagerstown Suns : RHP Nolan Carew
|
|
Pitching: RHP Nolan Carew
|
|
|
Batting: RHB Oscar Bravo
|
0-0: Called Strike 0-1: Called Strike 0-2: Ball 1-2: Foul Ball, location: 2F 1-2: Foul Ball, location: 2F 1-2: Foul Ball, location: 2F 1-2: SINGLE (Groundball, 56D, EV 76.9 MPH) (infield hit)
|
|
Batting: RHB Sam Callahan
|
0-0: Called Strike 0-1: Called Strike Oscar Bravo is caught stealing 2nd base 2-4 0-2: Ball 1-2: Ball 2-2: Ball 3-2: Strikes out swinging
|
|
Batting: RHB Rich Cracchiolo
|
0-0: Called Strike 0-1: Swinging Strike 0-2: Strikes out looking
|
| Top of the 1st over - 0 runs, 1 hit, 0 errors, 0 left on base; Binghamton 0 - Hagerstown 0 |
| BOTTOM OF THE 1ST |
|
Hagerstown Suns batting - Pitching for Binghamton Mets : LHP David Salcido
|
|
Pitching: LHP David Salcido
|
|
|
Batting: SHB Ed Thorpe Jr.
|
0-0: Called Strike 0-1: Ball 1-1: Ground out 1-3 (Groundball, 13S, EV 71.9 MPH)
|
|
Batting: RHB Victor Rojas
|
0-0: Called Strike 0-1: Swinging Strike 0-2: Foul Ball, location: 2F 0-2: Ball 1-2: Foul Ball, location: 2F 1-2: Strikes out swinging
|
|
Batting: SHB Nolan Carew
|
0-0: Ball 1-0: Called Strike 1-1: Foul Ball, location: 2F 1-2: Fly out, F9 (Flyball, 89S, EV 90.0 MPH)
|
| Bottom of the 1st over - 0 runs, 0 hits, 0 errors, 0 left on base; Binghamton 0 - Hagerstown 0 |
| TOP OF THE 2ND |
|
Binghamton Mets batting - Pitching for Hagerstown Suns : RHP Nolan Carew
|
|
Batting: RHB Enrique Aguirre
|
0-0: Ball 1-0: Foul Ball, location: 2F 1-1: Ball 2-1: Ball 3-1: Base on Balls
|
|
Batting: RHB Prabhukumar Santhanakrishnan
|
0-0: Ball Wild Pitch! Enrique Aguirre to second 1-0: Ground out 5-3 (Groundball, 56, EV 104.4 MPH)
|
|
Batting: RHB Ryan Marler
|
0-0: DOUBLE (Flyball, 8LXD, EV 95.0 MPH) Enrique Aguirre scores
|
|
Batting: RHB Reginald McDougall
|
0-0: Ball 1-0: Foul Ball, location: 2F 1-1: SINGLE (Groundball, 25, EV 66.9 MPH) (infield hit) Ryan Marler to third
|
|
Batting: RHB Victor Reyes
|
0-0: Fielders Choice at 2nd, 6-4 (Groundball, 6, EV 77.5 MPH) Ryan Marler scores
|
|
Batting: LHB Elmo Dreier
|
0-0: Ball 1-0: SINGLE (Line Drive, 34, EV 99.4 MPH) Victor Reyes to second Runner from 2nd tries for 3rd, SAFE, throw by RF made to third
|
|
Batting: RHB Oscar Bravo
|
0-0: Foul Ball, location: 2F 0-1: Foul Ball, location: 2F 0-2: Strikes out swinging
|
| Top of the 2nd over - 2 runs, 3 hits, 0 errors, 2 left on base; Binghamton 2 - Hagerstown 0 |
| BOTTOM OF THE 2ND |
|
Hagerstown Suns batting - Pitching for Binghamton Mets : LHP David Salcido
|
|
Batting: RHB Luis Vargas
|
0-0: Fly out, F9 (Flyball, 9, EV 87.5 MPH)
|
|
Batting: RHB Colin Morris
|
0-0: Called Strike 0-1: Ball 1-1: Ball 2-1: Called Strike 2-2: Fly out, F9 (Flyball, 9, EV 93.1 MPH)
|
|
Batting: RHB Rudolph Lentz
|
0-0: Ball 1-0: Foul Ball, location: 2F 1-1: Ball 2-1: Foul Ball, location: 2F 2-2: Foul Ball, location: 2F 2-2: Foul Ball, location: 2F 2-2: Ball 3-2: Hit by Pitch
|
|
Batting: RHB Jason Ewert
|
0-0: Ball 1-0: SINGLE (Groundball, 5S, EV 66.9 MPH) (infield hit) Rudolph Lentz to second
|
|
Batting: RHB Joe Simmelink
|
0-0: Foul Ball, location: 2F 0-1: Swinging Strike 0-2: Foul Ball, location: 2F 0-2: Fielders Choice at 2nd, 6-4 (Groundball, 6, EV 92.5 MPH)
|
| Bottom of the 2nd over - 0 runs, 1 hit, 0 errors, 2 left on base; Binghamton 2 - Hagerstown 0 |
| TOP OF THE 3RD |
|
Binghamton Mets batting - Pitching for Hagerstown Suns : RHP Nolan Carew
|
|
Batting: RHB Sam Callahan
|
0-0: Called Strike 0-1: Swinging Strike 0-2: Foul Ball, location: 2F 0-2: Ball 1-2: Foul Ball, location: 2F 1-2: Foul Ball, location: 2F 1-2: Ball 2-2: Foul Ball, location: 2F 2-2: Strikes out swinging
|
|
Batting: RHB Rich Cracchiolo
|
0-0: Called Strike 0-1: Ground out 6-3 (Groundball, 6, EV 83.1 MPH)
|
|
Batting: RHB Enrique Aguirre
|
0-0: Ground out 5-3 (Groundball, 56D, EV 87.5 MPH)
|
| Top of the 3rd over - 0 runs, 0 hits, 0 errors, 0 left on base; Binghamton 2 - Hagerstown 0 |
| BOTTOM OF THE 3RD |
|
Hagerstown Suns batting - Pitching for Binghamton Mets : LHP David Salcido
|
|
Batting: RHB Alex Martinez
|
0-0: Foul Ball, location: 2F 0-1: Ball 1-1: Foul Ball, location: 2F 1-2: Strikes out swinging
|
|
Batting: SHB Ed Thorpe Jr.
|
0-0: Ground out 4-3 (Groundball, 4S, EV 92.5 MPH)
|
|
Batting: RHB Victor Rojas
|
0-0: Foul Ball, location: 2F 0-1: Foul Ball, location: 2F 0-2: Strikes out looking
|
| Bottom of the 3rd over - 0 runs, 0 hits, 0 errors, 0 left on base; Binghamton 2 - Hagerstown 0 |
| TOP OF THE 4TH |
|
Binghamton Mets batting - Pitching for Hagerstown Suns : RHP Nolan Carew
|
|
Batting: RHB Prabhukumar Santhanakrishnan
|
0-0: Called Strike 0-1: Ball 1-1: Fly out, F7 (Flyball, 7D, EV 102.5 MPH)
|
|
Batting: RHB Ryan Marler
|
0-0: Reached on error, E5 (Groundball, 56, EV 88.8 MPH)
|
|
Batting: RHB Reginald McDougall
|
0-0: Ball 1-0: Ball 2-0: Swinging Strike 2-1: Ball 3-1: Swinging Strike 3-2: Base on Balls
|
|
Batting: RHB Victor Reyes
|
0-0: Called Strike 0-1: Ball 1-1: Ball 2-1: Called Strike 2-2: Reached on error, E6 (Groundball, 6, EV 91.2 MPH) Ryan Marler to third Reginald McDougall to second
|
|
Batting: LHB Elmo Dreier
|
0-0: Swinging Strike 0-1: Foul Ball, location: 2F 0-2: Ball 1-2: Ground out 3-1 (Groundball, 13, EV 83.1 MPH) Ryan Marler scores Reginald McDougall to third Victor Reyes to second
|
|
Batting: RHB Oscar Bravo
|
0-0: Called Strike 0-1: Ball 1-1: Swinging Strike 1-2: Ball 2-2: Strikes out swinging
|
| Top of the 4th over - 1 run, 0 hits, 2 errors, 2 left on base; Binghamton 3 - Hagerstown 0 |
| BOTTOM OF THE 4TH |
|
Hagerstown Suns batting - Pitching for Binghamton Mets : LHP David Salcido
|
|
Batting: SHB Nolan Carew
|
0-0: Called Strike 0-1: Ball 1-1: Ground out 5-3 (Groundball, 56, EV 86.2 MPH)
|
|
Batting: RHB Luis Vargas
|
0-0: Ball 1-0: Ball 2-0: Ground out 6-3 (Groundball, 6, EV 101.9 MPH)
|
|
Batting: RHB Colin Morris
|
0-0: Called Strike 0-1: Ball 1-1: Swinging Strike 1-2: Strikes out swinging
|
| Bottom of the 4th over - 0 runs, 0 hits, 0 errors, 0 left on base; Binghamton 3 - Hagerstown 0 |
| TOP OF THE 5TH |
|
Binghamton Mets batting - Pitching for Hagerstown Suns : RHP Nolan Carew
|
|
Batting: RHB Sam Callahan
|
0-0: Called Strike 0-1: Ball 1-1: Ball 2-1: Foul Ball, location: 2F 2-2: Ball 3-2: Base on Balls
|
|
Batting: RHB Rich Cracchiolo
|
0-0: Called Strike 0-1: Fly out, F7 (Flyball, 7D, EV 96.9 MPH)
|
|
Batting: RHB Enrique Aguirre
|
0-0: Ball 1-0: Ball 2-0: SINGLE (Groundball, 5S, EV 65.0 MPH) (infield hit) Sam Callahan to second
|
|
Pitching: RHP Omar Perez
|
|
|
Batting: RHB Prabhukumar Santhanakrishnan
|
0-0: Fielders Choice at 2nd, 6-4 (Groundball, 6, EV 103.1 MPH) Sam Callahan to third
|
|
Batting: RHB Ryan Marler
|
0-0: Foul Ball, location: 2F 0-1: Foul Ball, location: 2F 0-2: Strikes out swinging
|
| Top of the 5th over - 0 runs, 1 hit, 0 errors, 2 left on base; Binghamton 3 - Hagerstown 0 |
| BOTTOM OF THE 5TH |
|
Hagerstown Suns batting - Pitching for Binghamton Mets : LHP David Salcido
|
|
Batting: RHB Rudolph Lentz
|
0-0: Called Strike 0-1: Ball 1-1: Ball 2-1: Called Strike 2-2: Ball 3-2: Strikes out swinging
|
|
Batting: RHB Jason Ewert
|
0-0: Ground out U3 (Groundball, 34, EV 104.4 MPH)
|
|
Batting: RHB Joe Simmelink
|
0-0: Called Strike 0-1: Foul Ball, location: 2F 0-2: SINGLE (Groundball, 6S, EV 69.4 MPH) (infield hit)
|
|
Batting: RHB Alex Martinez
|
0-0: Called Strike 0-1: Ground out 4-3 (Groundball, 4, EV 83.1 MPH)
|
| Bottom of the 5th over - 0 runs, 1 hit, 0 errors, 1 left on base; Binghamton 3 - Hagerstown 0 |
| TOP OF THE 6TH |
|
Binghamton Mets batting - Pitching for Hagerstown Suns : RHP Omar Perez
|
|
Batting: RHB Reginald McDougall
|
0-0: Ball 1-0: SINGLE (Groundball, 6MD, EV 102.5 MPH)
|
|
Batting: RHB Victor Reyes
|
0-0: Called Strike Reginald McDougall steals 2nd base 0-1: Foul Ball, location: 2F 0-2: Ball 1-2: Ball 2-2: Ball 3-2: Strikes out swinging
|
|
Batting: LHB Elmo Dreier
|
0-0: Ground out 5-3 (Groundball, 56, EV 81.9 MPH)
|
|
Batting: RHB Oscar Bravo
|
0-0: Ball 1-0: Ground out 4-3 (Groundball, 4, EV 106.2 MPH)
|
| Top of the 6th over - 0 runs, 1 hit, 0 errors, 1 left on base; Binghamton 3 - Hagerstown 0 |
| BOTTOM OF THE 6TH |
|
Hagerstown Suns batting - Pitching for Binghamton Mets : LHP David Salcido
|
|
Batting: SHB Ed Thorpe Jr.
|
0-0: Ball 1-0: Ball 2-0: Ball 3-0: Called Strike 3-1: Reached on error, E5 (Groundball, 56, EV 99.4 MPH)
|
|
Batting: RHB Victor Rojas
|
0-0: Called Strike 0-1: Foul Ball, location: 2F 0-2: Ball Wild Pitch! Ed Thorpe Jr. to second 1-2: Ball 2-2: Foul Ball, location: 2F 2-2: Strikes out looking
|
|
Batting: SHB Nolan Carew
|
0-0: Called Strike 0-1: Ball 1-1: Foul Ball, location: 2F 1-2: Strikes out swinging
|
|
Batting: RHB Luis Vargas
|
0-0: Called Strike 0-1: Fly out, F8 (Flyball, 8RS, EV 82.5 MPH)
|
| Bottom of the 6th over - 0 runs, 0 hits, 1 error, 1 left on base; Binghamton 3 - Hagerstown 0 |
| TOP OF THE 7TH |
|
Binghamton Mets batting - Pitching for Hagerstown Suns : RHP Omar Perez
|
|
Batting: RHB Sam Callahan
|
0-0: Ball 1-0: Called Strike 1-1: Ball 2-1: Ball 3-1: Called Strike 3-2: Foul Ball, location: 2F 3-2: Strikes out looking
|
|
Batting: RHB Rich Cracchiolo
|
0-0: Ball 1-0: Swinging Strike 1-1: Ball 2-1: Fly out, F8 (Line Drive, 8RD, EV 98.1 MPH)
|
|
Batting: RHB Enrique Aguirre
|
0-0: Ball 1-0: SINGLE (Groundball, 6MD, EV 100.0 MPH)
|
|
Batting: RHB Prabhukumar Santhanakrishnan
|
0-0: Ball 1-0: Foul Ball, location: 2F 1-1: Ball 2-1: Swinging Strike 2-2: Ball 3-2: Base on Balls Enrique Aguirre to second
|
|
Batting: RHB Ryan Marler
|
0-0: Called Strike 0-1: Ball 1-1: Ball 2-1: Called Strike 2-2: Hit by Pitch Enrique Aguirre to third Prabhukumar Santhanakrishnan to second
|
|
Pitching: RHP Steve Schneider
|
|
|
Batting: RHB Reginald McDougall
|
0-0: Ball 1-0: Called Strike 1-1: Ball 2-1: Called Strike 2-2: Ball 3-2: Strikes out swinging
|
| Top of the 7th over - 0 runs, 1 hit, 0 errors, 3 left on base; Binghamton 3 - Hagerstown 0 |
| BOTTOM OF THE 7TH |
|
Hagerstown Suns batting - Pitching for Binghamton Mets : LHP David Salcido
|
|
Batting: RHB Colin Morris
|
0-0: Called Strike 0-1: Ground out 6-3 (Groundball, 4M, EV 108.1 MPH)
|
|
Batting: RHB Rudolph Lentz
|
0-0: Ground out 6-3 (Groundball, 6, EV 83.8 MPH)
|
|
Batting: RHB Jason Ewert
|
0-0: Called Strike 0-1: Ground out 3-1 (Groundball, 34S, EV 89.4 MPH)
|
| Bottom of the 7th over - 0 runs, 0 hits, 0 errors, 0 left on base; Binghamton 3 - Hagerstown 0 |
| TOP OF THE 8TH |
|
Binghamton Mets batting - Pitching for Hagerstown Suns : RHP Steve Schneider
|
|
Batting: RHB Victor Reyes
|
0-0: Called Strike 0-1: Ball 1-1: Ground out 5-3 (Groundball, 5, EV 97.5 MPH)
|
|
Batting: LHB Elmo Dreier
|
0-0: Swinging Strike 0-1: Ball 1-1: Ball 2-1: Foul Ball, location: 2F 2-2: Fly out, F5 (Popup, 5SF, EV 74.4 MPH)
|
|
Batting: RHB Oscar Bravo
|
0-0: Called Strike 0-1: Foul Ball, location: 2F 0-2: Ground out 5-3 (Groundball, 56, EV 101.9 MPH)
|
| Top of the 8th over - 0 runs, 0 hits, 0 errors, 0 left on base; Binghamton 3 - Hagerstown 0 |
| BOTTOM OF THE 8TH |
|
Hagerstown Suns batting - Pitching for Binghamton Mets : LHP David Salcido
|
|
Now at 2B: Dan Muse
|
|
|
Now at 3B: Oscar Bravo
|
|
|
Batting: RHB Joe Simmelink
|
0-0: Ball 1-0: Called Strike 1-1: DOUBLE (Line Drive, 78D, EV 106.9 MPH)
|
|
Pinch Hitting: RHB Leo Gutierrez
|
0-0: Ball 1-0: Ball 2-0: Ball 3-0: Foul Ball, location: 2F 3-1: Base on Balls
|
|
Pitching: RHP Leo Burgos
|
|
|
Batting: SHB Ed Thorpe Jr.
|
0-0: Ball 1-0: Foul Ball, location: 2F 1-1: Swinging Strike 1-2: Fly out, F8 (Flyball, 8LM, EV 87.5 MPH)
|
|
Pinch Hitting: SHB Fernando Fundora
|
0-0: Swinging Strike 0-1: Foul Ball, location: 2F 0-2: Ball 1-2: Fielders Choice at 2nd, 4-6 (Groundball, 4, EV 85.0 MPH) Joe Simmelink to third
|
|
Batting: SHB Nolan Carew
|
0-0: Ground out 4-3 (Groundball, 4, EV 103.8 MPH)
|
| Bottom of the 8th over - 0 runs, 1 hit, 0 errors, 2 left on base; Binghamton 3 - Hagerstown 0 |
| TOP OF THE 9TH |
|
Binghamton Mets batting - Pitching for Hagerstown Suns : RHP Steve Schneider
|
|
Pitching: RHP Matt Norris
|
|
|
Now at 2B: Charlie Iacovone
|
|
|
Now in RF: Leo Gutierrez
|
|
|
Batting: RHB Dan Muse
|
0-0: Called Strike 0-1: Ball 1-1: Foul Ball, location: 2F 1-2: Strikes out swinging
|
|
Batting: RHB Rich Cracchiolo
|
0-0: SINGLE (Line Drive, 56, EV 96.9 MPH)
|
|
Batting: RHB Enrique Aguirre
|
0-0: Called Strike 0-1: SINGLE (Line Drive, 7LM, EV 89.4 MPH) Rich Cracchiolo to second
|
|
Batting: RHB Prabhukumar Santhanakrishnan
|
0-0: Called Strike 0-1: Ball 1-1: Ball 2-1: Called Strike 2-2: Foul Ball, location: 2F 2-2: Strikes out swinging
|
|
Batting: RHB Ryan Marler
|
0-0: SINGLE (Groundball, 34D, EV 104.4 MPH) Rich Cracchiolo to third Enrique Aguirre to second Runner from 3rd tries for Home, SAFE, throw by RF to home
|
|
Batting: RHB Reginald McDougall
|
0-0: Swinging Strike 0-1: Ground out 2-3 (Groundball, 2L, EV 71.9 MPH)
|
| Top of the 9th over - 1 run, 3 hits, 0 errors, 2 left on base; Binghamton 4 - Hagerstown 0 |
| BOTTOM OF THE 9TH |
|
Hagerstown Suns batting - Pitching for Binghamton Mets : RHP Leo Burgos
|
|
Batting: RHB Luis Vargas
|
0-0: Ball 1-0: Called Strike 1-1: Ground out 6-3 (Groundball, 56, EV 104.4 MPH)
|
|
Batting: RHB Colin Morris
|
0-0: Called Strike 0-1: Swinging Strike 0-2: Strikes out swinging
|
|
Batting: RHB Rudolph Lentz
|
0-0: Called Strike 0-1: Foul Ball, location: 2F 0-2: Strikes out swinging
|
| Bottom of the 9th over - 0 runs, 0 hits, 0 errors, 0 left on base; Binghamton 4 - Hagerstown 0 |
|